 Dungeon Crawl Stone Soup version bcrawl-1.28.1b (webtiles) character file.

Game seed: 1860698591836077792

112247 Morbidden the Sneak (level 3, -3/21 HPs)
             Began as a Skeleton Sloth Apostle on Dec 24, 2020.
             Was an Initiate of Cheibriados.
             Slain by an adder (5 damage)
             ... on level 1 of the Dungeon.
             The game lasted 00:01:47 (1296 turns).

Morbidden the Sneak (Skeleton Sloth Apostle)        Turns: 1296, Time: 00:01:48

Health: -3/21      AC:  2    Str: 18 (19) XL:     3   Next: 32%
Magic:  0/5        EV:  7    Int:  8 (12) God:    Cheibriados [......]
Gold:   116        SH:  8    Dex:  9      Spells: 4/5 levels left

rFire    . . .     SeeInvis .   a - +0 mace
rCold    + . .     Gourm    .   c - +0 medium shield
rNeg     + + +     Faith    .   b - +0 robe
rPois    ∞         Spirit   +   (no helmet)
rElec    .         Reflect  .   (no cloak)
rCorr    .         Harm     .   (no gloves)
MR       .....                  (no boots)
Stlth    ++........             (no amulet)
HPRegen  0.07/turn              g - ring of poison resistance
MPRegen  0.09/turn              (no ring)

@: very slow
A: no food or potions, cold resistance 1, deterioration 1, negative energy
resistance 3, torment resistance, unbreathing, magic shield, sturdy frame 1,
spell healing
a: Bend Time, Renounce Religion


You were on level 1 of the Dungeon.
You worshipped Cheibriados.
Cheibriados was noncommittal.
You were not hungry.

You visited 1 branch of the dungeon, and saw 2 of its levels.

You collected 116 gold pieces.

Inventory:

Hand Weapons
 a - a +0 mace (weapon)
Armour
 b - a +0 robe (worn)
 c - a +0 medium shield (worn)
Jewellery
 g - a ring of poison resistance (left hand)
Scrolls
 e - a scroll of blinking {unknown}
 f - 2 scrolls of remove curse {unknown}


   Skills:
 * Level 2.2 Fighting
 + Level 2.7 Maces & Flails
 * Level 1.2 Armour
 * Level 1.2 Dodging
 + Level 3.9 Stealth
 * Level 3.0 Shields
 * Level 1.7 Spellcasting
 + Level 1.1 Hexes
 + Level 0.8 Evocations


You had 4 spell levels left.
You knew the following spells:

 Your Spells              Type           Power        Failure   Level  Hunger
a - Slow                  Hex            #.......     98%         1    N/A
Your spell library was empty.

Dungeon Overview and Level Annotations

Branches:
Dungeon (2/12)

Altars:


Innate Abilities, Weirdness & Mutations

You do not eat or drink.
You are immune to poison.
Your flesh is cold resistant. (rC+)
Your body sometimes deteriorates upon taking damage.
You are immune to negative energy. (rN+++)
You are immune to unholy pain and torment.
You can survive without breathing.
When hurt, damage is shared between your health and your magic reserves.
Your movements are slightly less encumbered by armour. (ER -2)
Casting spells heals you.


Message History

Press: ? - help, Shift-Dir - straight line, f - adder
Aim: an adder (moderately wounded, chance to defeat MR: 57%)
The adder resists with significant effort.
The adder closely misses you.
No path to travel!
No path to travel!
Evoke which item? (* to show all) (? for menu, Esc to quit)
Aiming: Paralyse
Press: ? - help, Shift-Dir - straight line, f/p - adder
Aim: an adder (moderately wounded, chance to defeat MR: 57%)
The adder resists with significant effort.
The adder bites you but does no damage.
No path to travel!
Evoke which item? (* to show all) (? for menu, Esc to quit)
Aiming: Paralyse
Press: ? - help, Shift-Dir - straight line, f/p - adder
Aim: an adder (moderately wounded, chance to defeat MR: 57%)
The adder resists with significant effort.
The now-empty wand crumbles to dust.
The adder bites you.
You die...

..#...#....##...###.)...####.####
..#...##..#.............# #..#
..#[..##................# #.##
#'##'##...##..........### #.#
..#...##.###........### #.#
..#...##.# #.......## #.#
..#...##.###.......# #.#
..#...#...##.......# #.#
###...#...##....@..# #.#
......#...##...S...# #.#
....#.#...##.......# #%#
..(...#...########## ######.#
#######...# #......# #.....#
#####.###### #.....########>....#
#####..)..#........#####
......^.....########


You could see an adder.

Vanquished Creatures
  3 worms (D:2)
  A dart slug (D:2)
  2 leopard geckos
  A bat (D:1)
  2 giant cockroaches
  4 goblins (D:1)
  4 hobgoblins
  5 frilled lizards (D:1)
  3 kobolds
  4 rats
29 creatures vanquished.

Notes
Turn   | Place    | Note
-------+----------+-------------------------------------------
     0 | D:1      | Morbidden the Skeleton Sloth Apostle began the quest for
                  | the Orb.
     0 | D:1      | Reached XP level 1. HP: 12/12 MP: 3/3
   361 | D:1      | Reached XP level 2. HP: 9/17 MP: 2/4
   999 | D:2      | Reached skill level 1 in Dodging
  1005 | D:2      | Reached XP level 3. HP: 18/21 MP: 5/5
  1135 | D:2      | Reached skill level 1 in Armour
  1290 | D:1      | HP: 1/21 [adder (4)]
  1296 | D:1      | Slain by an adder

Skill      XL: |  1  2  3 |
---------------+----------+-----
Dodging        | 1 |  1.2
Shields        | 3 |  3.0
Armour         | 1 |  1.2
Fighting       | |  2.2
Maces & Flails | |  2.7
Stealth        | |  3.9
Spellcasting   | |  1.7
Hexes          | |  1.1
Evocations     | |  0.8

Action                   || total
-------------------------++-------
Melee: Mace              ||   101
Evoke: Wand              ||    10
 Stab: Sleeping          ||     3
       Paralysed         ||     7
       Distracted        ||     1
Armor: Robe              ||    19
Dodge: Dodged            ||    24
Block: Medium shield     ||    49
